 Dungeon Sprint DCSS version 0.30-a0-50-gb2d611f6b1 (webtiles) character file.

Game seed: 18392234649213916907

28352 rocky1 the Slayer (level 13, 0/172 HPs)
             Began as an Ogre Gladiator on Sept 5, 2022.
             Was a High Priest of Okawaru.
             Slain by a ghoul (9 damage)
             ... in the Dungeon (Sprint VII: "The Pits").
             The game lasted 00:34:07 (8282 turns).

rocky1 the Slayer (Ogre Gladiator)                  Turns: 8282, Time: 00:34:08

Health: 0/172      AC: 23    Str: 23    XL:     13   Next: 38%
Magic:  13/19      EV: 15    Int:  9    God:    Okawaru [*****.]
Gold:   56         SH:  5    Dex: 10    Spells: 12/12 levels left

rFire   . . .      SeeInvis .    v - +2 dire flail (vorpal)
rCold   . . .      Faith    .    (shield currently unavailable)
rNeg    . . .      Spirit   .    l - +0 shadow dragon scales
rPois   .          Reflect  +    c - +0 hat
rElec   .          Harm     .    t - +0 cloak
rCorr   .          Rampage  .    (gloves unavailable)
Will    +....      NoTele   +    (boots unavailable)
Stlth   ++++......               x - amulet of reflection
HPRegen 0.38/turn                p - +3 ring of protection
MPRegen 0.16/turn                j - +3 ring of evasion

@: mighty, heroic, finesse-ful
A: large, unfitting armour, tough skin 1, weak 1
a: Renounce Religion, Heroism, Finesse


You were in the Dungeon.
You worshipped Okawaru.
Okawaru was extremely pleased with you.
You visited 1 branch You collected 56 gold pieces.

Inventory:

Hand Weapons
 u - a +2 war axe of freezing
 v - a +2 vorpal dire flail (weapon)
Missiles
 d - 2 curare-tipped darts
 e - a large rock
 D - a javelin (quivered)
Armour
 a - the +0 robe "Hiveishro" {rC++ Str-2 Stlth- Archmagi}
   (Okawaru gifted it to you in the Dungeon)

   Str:       It affects your strength (-2).
   rC:        It greatly protects you from cold.
   Archmagi:  It increases the power of your magical spells.
   Stlth:     It makes you less stealthy.
 b - a +0 robe
 c - a +0 hat (worn)
 k - the +1 robe of Dramatic Exits {Str+2 Dex+3}
   (Okawaru gifted it to you in the Dungeon)

   Str:       It affects your strength (+2).
   Dex:       It affects your dexterity (+3).
 l - +0 shadow dragon scales (worn)
 t - a +0 cloak (worn)
Jewellery
 j - a +3 ring of evasion (right hand)
 p - a +3 ring of protection (left hand)
 x - an amulet of reflection (around neck)
 y - a ring of protection from cold
 z - a +6 ring of intelligence
 A - an amulet of guardian spirit
 B - a ring of protection from cold
Scrolls
 m - 5 scrolls of amnesia
 n - 3 scrolls of fog
 o - 4 scrolls of enchant armour
 r - a scroll of identify
Potions
 f - 6 potions of curing
 h - 3 potions of haste
 i - 4 potions of magic
 q - 2 potions of resistance
 s - 3 potions of mutation
 w - 3 potions of might
 C - a potion of flight


   Skills:
 + Level 22.4(27) Fighting
 - Level 12.6(20.8) Axes
 - Level 14.4(21.0) Maces & Flails
 + Level 9.6(14.6) Throwing
 + Level 8.4(13.4) Armour
 + Level 16.5(21.5) Dodging
 - Level 9.2 Invocations


You had 12 spell levels left.
You didn't know any spells.
Your spell library contained the following spells:

 Spells                   Type           Power      Damage    Failure   Level
 Gell's Gravitas          Tloc           0%         N/A       99%         3
 Teleport Other           Tloc           0%         N/A       99%         3
 Dispersal                Tloc           0%         N/A       100%        6


Dungeon Overview and Level Annotations

Branches:
Dungeon (1/1)

Altars:
Ashenzari
Cheibriados
Dithmenos
Elyvilon
Fedhas
Gozag
Hepliaklqana
Kikubaaqudgha
Makhleb
Nemelex Xobeh
Okawaru
Qazlal
Ru
Sif Muna
Trog
Uskayaw
Vehumet
Wu Jian
Xom
Yredelemnul
Zin
The Shining One
Jiyva
Lugonu


Innate Abilities, Weirdness & Mutations

You are too large for most types of armour.
You have tough skin. (AC +1)
You are weak. (Str -2)


Message History

You hit the ghoul but do no damage.
The ghoul is severely damaged.
You barely miss the ghoul.
The ghoul is severely damaged.
You block the ghoul's attack.
The ghoul claws you but does no damage. x2
The ghoul claws you!
* * * LOW HITPOINT WARNING * * *
Unknown command.
You barely miss the ghoul.
The ghoul is severely damaged.
Unknown command.
You feel very mighty all of a sudden. The ghoul closely misses you.
The ghoul claws you but does no damage. The ghoul barely misses you.
The ghoul claws you but does no damage.
You impale the ghoul!!
The ghoul is almost destroyed.
You impale the ghoul!!
You destroy the ghoul!
Okawaru is honoured by your kill. The ghoul claws you but does no damage.
The ghoul closely misses you.
You impale the ghoul!!
The ghoul is moderately damaged.
You closely miss the ghoul.
The ghoul is moderately damaged.
You closely miss the ghoul.
The ghoul is moderately damaged.
You hit the ghoul.
The ghoul is moderately damaged.
The ghoul claws you!
* * * LOW HITPOINT WARNING * * *
The ghoul claws you!
* * * LOW HITPOINT WARNING * * *
You bludgeon the ghoul!!
The ghoul is heavily damaged.
You bludgeon the ghoul!!
The ghoul is severely damaged.
You puncture the ghoul!
The ghoul is severely damaged.
The ghoul claws you!
You die...

.#.[+.##.)##############')#######
.+).#.##.)# +...+ #.÷......#
.#)}+.##..# #...# #....)...#
.+)[#.##).####...#######.)####
.##'#.##..#........)#........#
.(†)..##..#........)))...........
########..#.........#........#..c
########))##+###n##.####..#### ##
.)).......# #@)#.#..####
.)........# #))#.'..# ###########
######### # ########## ######
###........###....####
..##......##....###..#
...##....##..#.##....#
....#....#.....#.....#
##.###).##.#.#.#.....#


You could see a ghoul.

Vanquished Creatures
  A shadow dragon (D)
  2 orc warlords (D)
  2 ghouls (D)
  3 yaktaur captains (D)
  2 alligator snapping turtles (D)
  3 vault guards (D)
  A naga warrior (D)
  A death yak (D)
  A vampire mage (D)
  A sea snake (D)
  A flayed ghost (D)
  10 orc knights (D)
  3 deep elf pyromancers (D)
  A black mamba (D)
  A guardian serpent (D)
  A molten gargoyle (D)
  An orange demon (D)
  A smoke demon (D)
  An unseen horror (D)
  10 yaktaurs (D)
  A hellwing (D)
  2 demonic crawlers (D)
  A troll (D)
  A merfolk (D)
  A tyrant leech (D)
  2 polar bears (D)
  A tarantella (D)
  A hornet (D)
  3 blink frogs (D)
  A snapping turtle (D)
  A culicivora (D)
  2 jumping spiders (D)
  A ynoxinul (D)
  2 wraiths (D)
  A fire bat (D)
  A spriggan (D)
  A wyvern (D)
  A steam dragon (D)
  2 vampire mosquitoes (D)
  A neqoxec (D)
  5 redbacks (D)
  A water moccasin (D)
  3 swamp drakes (D)
  An orc warrior (D)
  A centaur (D)
  A phantom (D)
  2 necrophages (D)
  8 wights (D)
  4 killer bees (D)
  A crimson imp (D)
  2 orc priests (D)
  An iguana (D)
  An orc wizard (D)
  A gnoll (D)
  3 adders (D)
  A river rat (D)
  2 white imps (D)
  An ufetubus (D)
  A worm (D)
  An adder simulacrum (D)
  11 orcs (D)
  A ball python (D)
  2 bats (D)
  An endoplasm (D)
  2 kobolds (D)
  A ball python skeleton (D)
  A frilled lizard (D)
  A giant cockroach zombie (D)
  A goblin (D)
  A jackal simulacrum (D)
  A quokka zombie (D)
  A rat (D)
139 creatures vanquished.

Notes
Turn   | Place    | Note
-------+----------+-------------------------------------------
     0 | D        | rocky1 the Ogre Gladiator began the quest for the Orb.
     0 | D        | Reached XP level 1. HP: 22/22 MP: 1/1
    16 | D        | Reached skill level 3 in Fighting
    20 | D        | Found a bloodstained altar of Trog.
    20 | D        | Found a shimmering blue altar of Sif Muna.
    20 | D        | Found a viscous altar of Jiyva.
    20 | D        | Found a hazy altar of Hepliaklqana.
    20 | D        | Found an opulent altar of Gozag.
    21 | D        | Found a glowing golden altar of the Shining One.
    21 | D        | Found a glowing silver altar of Zin.
    21 | D        | Found a basalt altar of Yredelemnul.
    21 | D        | Found a shimmering altar of Xom.
    21 | D        | Found an ornate altar of the Wu Jian Council.
    21 | D        | Found a sacrificial altar of Ru.
    21 | D        | Found a stormy altar of Qazlal.
    21 | D        | Found an iron altar of Okawaru.
    21 | D        | Found a sparkling altar of Nemelex Xobeh.
    21 | D        | Found a burning altar of Makhleb.
    21 | D        | Found a blossoming altar of Fedhas.
    21 | D        | Found a white marble altar of Elyvilon.
    21 | D        | Found a shadowy altar of Dithmenos.
    21 | D        | Found a snail-covered altar of Cheibriados.
    24 | D        | Found a corrupted altar of Lugonu.
    24 | D        | Found a radiant altar of Vehumet.
    25 | D        | Found an ancient bone altar of Kikubaaqudgha.
    25 | D        | Found a hide-covered altar of Uskayaw.
    25 | D        | Found a broken altar of Ashenzari.
    29 | D        | Became a worshipper of Warmaster Okawaru
    78 | D        | Reached skill level 4 in Fighting
    78 | D        | Reached XP level 2. HP: 21/32 MP: 2/2
   547 | D        | Reached skill level 5 in Fighting
   547 | D        | Reached XP level 3. HP: 41/42 MP: 3/3
   610 | D        | Noticed a phantom
   610 | D        | Noticed a wight
   610 | D        | Noticed a wight
   621 | D        | Killed a phantom
   622 | D        | Reached skill level 6 in Fighting
   622 | D        | Reached skill level 5 in Maces & Flails
   622 | D        | Reached skill level 5 in Dodging
   622 | D        | Reached XP level 4. HP: 53/53 MP: 3/6
   623 | D        | Reached skill level 7 in Fighting
   623 | D        | Reached XP level 5. HP: 63/63 MP: 3/8
   626 | D        | Reached skill level 8 in Fighting
   626 | D        | Reached skill level 5 in Invocations
   886 | D        | Reached * piety under Okawaru
   887 | D        | Reached skill level 9 in Fighting
   887 | D        | Reached XP level 6. HP: 51/75 MP: 9/9
   898 | D        | Reached skill level 10 in Fighting
  1389 | D        | Noticed a vampire mage
  1397 | D        | Killed a vampire mage
  1397 | D        | Reached ** piety under Okawaru
  1398 | D        | Reached skill level 12 in Fighting
  1398 | D        | Reached XP level 7. HP: 54/92 MP: 7/10
  1398 | D        | Reached XP level 8. HP: 60/101 MP: 7/11
  1414 | D        | Reached skill level 13 in Fighting
  1693 | D        | Noticed a smoke demon
  1693 | D        | Noticed a jumping spider
  1702 | D        | Killed a smoke demon
  1703 | D        | Reached skill level 10 in Maces & Flails
  1703 | D        | Reached skill level 10 in Dodging
  1717 | D        | Killed a jumping spider
  1718 | D        | Reached skill level 14 in Fighting
  2084 | D        | Noticed an orc knight
  2084 | D        | Noticed a troll
  2108 | D        | Killed a troll
  2109 | D        | Reached XP level 9. HP: 85/114 MP: 10/12
  2112 | D        | Reached *** piety under Okawaru
  2124 | D        | Killed an orc knight
  2318 | D        | Reached skill level 15 in Fighting
  2400 | D        | Reached **** piety under Okawaru
  2526 | D        | Noticed a guardian serpent
  2533 | D        | Killed a guardian serpent
  2533 | D        | Received a gift from Okawaru
  2584 | D        | Reached XP level 10. HP: 112/127 MP: 13/13
  3018 | D        | Noticed a demonic crawler
  3023 | D        | Noticed an orange demon
  3023 | D        | Noticed a death yak
  3024 | D        | Noticed a deep elf pyromancer
  3055 | D        | Killed a demonic crawler
  3061 | D        | Killed a death yak
  3067 | D        | Killed an orange demon
  3076 | D        | Killed a deep elf pyromancer
  3076 | D        | Reached ***** piety under Okawaru
  3432 | D        | Noticed a black mamba
  3546 | D        | Killed a black mamba
  3592 | D        | Noticed a deep elf pyromancer
  3613 | D        | Received a gift from Okawaru
  3617 | D        | Reached skill level 5 in Axes
  3644 | D        | Killed a deep elf pyromancer
  3645 | D        | Reached XP level 11. HP: 20/135 MP: 8/15
  4112 | D        | Noticed an alligator snapping turtle
  4190 | D        | Killed an alligator snapping turtle
  4194 | D        | Identified the +1 robe of Dramatic Exits {Str+2 Dex+3}
                  | (Okawaru gifted it to you in the Dungeon)
  4194 | D        | Received a gift from Okawaru
  4695 | D        | Reached skill level 16 in Fighting
  4736 | D        | Reached skill level 10 in Axes
  4754 | D        | Reached skill level 17 in Fighting
  5013 | D        | Noticed a sea snake
  5014 | D        | Gained mutation: You are weak. (Str -2) [a neqoxec]
  5441 | D        | Killed a sea snake
  5952 | D        | Noticed a flayed ghost
  5960 | D        | Killed a flayed ghost
  5963 | D        | Reached skill level 18 in Fighting
  6165 | D        | Noticed a shadow dragon
  6186 | D        | Killed a shadow dragon
  6196 | D        | Received a gift from Okawaru
  6197 | D        | Reached skill level 19 in Fighting
  6197 | D        | Reached XP level 12. HP: 140/154 MP: 12/18
  6457 | D        | Noticed an orc warlord
  6457 | D        | Noticed an orc warlord
  6502 | D        | Reached skill level 1 in Armour
  6508 | D        | Received a gift from Okawaru
  6797 | D        | Killed an orc warlord
  6798 | D        | Reached skill level 20 in Fighting
  6851 | D        | Noticed an alligator snapping turtle
  6944 | D        | Killed an orc warlord
  6945 | D        | Reached skill level 15 in Dodging
  7028 | D        | Reached skill level 5 in Throwing
  7028 | D        | Reached skill level 5 in Armour
  7229 | D        | Identified the +0 robe "Hiveishro" {rC++ Str-2 Stlth-
                  | Archmagi} (Okawaru gifted it to you in the Dungeon)
  7229 | D        | Received a gift from Okawaru
  7491 | D        | Killed an alligator snapping turtle
  7496 | D        | Reached skill level 21 in Fighting
  7496 | D        | Noticed a vault guard
  7496 | D        | Noticed a yaktaur captain
  7502 | D        | Killed a vault guard
  7516 | D        | Killed a yaktaur captain
  7761 | D        | Noticed a naga warrior
  7782 | D        | Killed a naga warrior
  7783 | D        | Reached XP level 13. HP: 166/169 MP: 12/19
  7816 | D        | Noticed a yaktaur captain
  7817 | D        | Noticed a ghoul
  7819 | D        | Noticed a vault guard
  7820 | D        | Noticed a vault guard
  7825 | D        | Noticed a yaktaur captain
  7829 | D        | Killed a yaktaur captain
  7844 | D        | Killed a ghoul
  7854 | D        | Killed a vault guard
  7855 | D        | Reached skill level 22 in Fighting
  7868 | D        | Killed a vault guard
  7889 | D        | Killed a yaktaur captain
  8243 | D        | Noticed a ghoul
  8243 | D        | Noticed a ghoul
  8275 | D        | Killed a ghoul
  8282 | D        | Slain by a ghoul

Illustrated notes

Levels and vault maps discovered:
D:        pitsprint [storerooms_1, entrance_room_1, metal_vault_4, armoury_2,
          mini_pit_1, grid_room_1, main_hall_1, silver_pit, the_coven_1,
          the_vestibule_1, steel_vault_3, golden_pit, hallway_of_sentries,
          crystal_vault_1, iron_vault_4, final_vault]

Skill      XL: |  1  2  3  4  5  6  7  8  9 10 11 12 13 |
---------------+----------------------------------------+-----
Fighting       | 4 5 6 7 9 12 14 15 19 21 22 | 22.4
Maces & Flails | 3 4 5 6 9 10 12 14 | 14.4
Dodging        | 3 4 5 6 9 10 12 14 15 16 | 16.5
Invocations    | 3 4 5 6 9 |  9.2
Axes           | 6 12 | 12.6
Armour         | 6 8 |  8.4
Throwing       | 7 9 |  9.6

Action                   |  1- 3 |  4- 6 |  7- 9 | 10-12 | 13-15 || total
-------------------------+-------+-------+-------+-------+-------++-------
Melee: Flail             |    41 |    33 |    35 |       |       ||   109
       Punch             |       |     1 |       |       |       ||     1
       Dire flail        |       |       |    59 |   405 |    95 ||   559
Throw: Large rock        |       |       |       |     3 |       ||     3
       Dart              |       |       |       |    11 |       ||    11
       Throwing net      |       |       |       |     4 |       ||     4
       Javelin           |       |       |       |     2 |       ||     2
Invok: Heroism           |       |     1 |     3 |    14 |     2 ||    20
       Finesse           |       |       |     1 |    10 |     2 ||    13
  Use: Potion            |     2 |     1 |     4 |    14 |     2 ||    23
       Scroll            |       |       |       |     3 |       ||     3
 Stab: Sleeping          |       |     1 |       |       |       ||     1
       Invisible         |       |       |     2 |     2 |       ||     4
       Confused          |       |       |     1 |       |       ||     1
       Held in net/web   |       |       |       |     2 |       ||     2
Armor: Robe              |     8 |     3 |    17 |    46 |       ||    74
       Shadow dragon sca |       |       |       |    11 |    22 ||    33
Dodge: Dodged            |    13 |    15 |    54 |   207 |    37 ||   326
Block: Other             |       |       |       |    17 |    12 ||    29
       Reflection        |       |       |       |       |     2 ||     2

Table legend: (Time is in decaauts)
 A = Elapsed time spent in this place.
 B = Non-inter-level travel time spent in this place.
 C = Inter-level travel time spent in this place.
 D = Time resting spent in this place.
 E = Time spent auto-exploring this place.
 F = Levels seen in this place.
 G = Mean time per level.
                   A        B        C        D        E       F      G
               +--------+--------+--------+--------+--------+-----+--------+
         Total |   8053 |   7990 |     63 |   5850 |      0 |   1 | 8053.0 |
       Dungeon |   8053 |   7990 |     63 |   5850 |      0 |   1 | 8053.0 |
               +--------+--------+--------+--------+--------+-----+--------+

Top non-repeatable levels by time:
       D: 8053 daAuts
